 Dungeon Crawl Stone Soup version 0.27.1-34-g3ba077fa99 (webtiles) character file.

Game seed: 11823956867779769771

119 mcbry74 the Ruffian (level 4, 0/44 HPs)
             Began as a Troll Berserker on Jan 28, 2022.
             Was a Believer of Trog.
             Slain by an adder (2 damage)
             ... on level 3 of the Dungeon.
             The game lasted 00:06:35 (1324 turns).

mcbry74 the Ruffian (Troll Berserker)               Turns: 1324, Time: 00:06:36

Health: 0/44       AC:  4    Str: 25    XL:     4   Next: 74%
Magic:  3/3        EV: 10    Int:  4    God:    Trog [**....]
Gold:   25         SH:  0    Dex:  9    Spells: 3/3 levels left

rFire    . . .     SeeInvis .     - Unarmed
rCold    . . .     Faith    .   (no shield)
rNeg     . . .     Spirit   .   a - +0 animal skin
rPois    .         Reflect  .   (helmet restricted)
rElec    .         Harm     .   (no cloak)
rCorr    .         Rampage  .   (gloves unavailable)
Will     .....                  (boots unavailable)
Stlth    +.........             (no amulet)
HPRegen  1.14/turn              (no ring)
MPRegen  0.08/turn              (no ring)

@: lethally poisoned (0 -> -2)
A: large, unfitting armour, claws 3, regeneration 1, shaggy fur 1, tough skin 1
a: Renounce Religion, Berserk, Trog's Hand


You were on level 3 of the Dungeon.
You worshipped Trog.
Trog was pleased with you.
You visited 1 branch of the dungeon, and saw 3 of its levels.

You collected 25 gold pieces.

Inventory:

Hand Weapons
 d - a +0 whip
 e - a +0 dagger
 f - a +0 whip
Missiles
 b - 20 poisoned darts (quivered)
 j - 7 javelins
 k - 2 atropa-tipped darts
 n - 7 sling bullets
Armour
 a - a +0 animal skin (worn)
Scrolls
 i - a scroll of identify {unknown}
 o - a scroll of noise {unknown}
Potions
 c - a potion of lignification {unknown}
 g - a potion of brilliance {unknown}
 h - 2 potions of flight {unknown}
 l - a potion of curing {unknown}
 m - a potion of heal wounds {unknown}


   Skills:
 + Level 2.9 Fighting
 + Level 3.0 Dodging
 + Level 0.1 Stealth
 + Level 4.5 Unarmed Combat


You had 3 spell levels left.
You didn't know any spells.
Your spell library was empty.

Dungeon Overview and Level Annotations

Branches:
Dungeon (3/15)

Altars:


Innate Abilities, Weirdness & Mutations

You are too large for most types of armour.
You have claws for hands.
Your natural rate of healing is unusually fast.
You are covered in fur. (AC +1)
You have tough skin. (AC +1)


Message History

The adder bites you but does no damage. The kobold hits you but does no damage.
You closely miss the adder. The adder bites you but does no damage.
The kobold closely misses you. The adder barely misses you.
You claw the kobold!
You kill the kobold!
Trog accepts your kill.
The gnoll throws a throwing net.
The throwing net barely misses you.
The throwing net barely misses the adder.
The adder barely misses you. The gnoll barely misses you.
A gnoll comes into view. It is wielding a +0 flail.
The gnoll barely misses you.
Things that are here:
a +0 short sword; 8 poisoned darts The adder bites you.
The gnoll hits you from afar with a +0 halberd!
The hobgoblin barely misses you.
The gnoll throws a throwing net.
The throwing net hits you.
You become entangled in the net!
You see here a throwing net.
You struggle against the net.
The adder bites you.
You are poisoned.
The adder poisons you!
The gnoll hits you from afar with a +0 halberd.
The hobgoblin hits you but does no damage.
The gnoll barely misses you. The adder closely misses you.
You struggle against the net.
You feel sick.
The gnoll hits you from afar with a +0 halberd.
* * * LOW HITPOINT WARNING * * *
The hobgoblin hits you but does no damage.
The adder bites you.
* * * LOW HITPOINT WARNING * * *
You are more poisoned.
The adder poisons you!
The gnoll hits you from afar with a +0 halberd!
* * * LOW HITPOINT WARNING * * *
You rip the net and break free!
* * * LOW HITPOINT WARNING * * *
You feel very sick. The adder bites you.
You die...

..............## #.....
.>.............# #.....
...............# #.....
...............# #.....
......(........# #.....
...............##
##.##.
......gg......(.###..
#. ......?g)S...##.....
## .g....##@######..###
# ...##.##.######....#
#
....J........##.##.####
#
.....###.##..<.......#
# .... #..###..##..#.#
# ... ##.##.†####.#.###
.... ##.##.## #.....#
..... #.....# ###....
......##....## ####.


You could see 2 gnolls, an adder and a hobgoblin.

Vanquished Creatures
  4 gnolls (D:2)
  3 adders (D:2)
  A dart slug (D:1)
  5 endoplasms
  A giant cockroach (D:1)
  A hobgoblin (D:2)
  6 jackals (D:1)
  9 kobolds
  A quokka (D:2)
  A ball python (D:1)
  3 bats
  3 frilled lizards
  9 goblins
  3 rats (D:1)
50 creatures vanquished.

Vanquished Creatures (others)
  13 plants (D:1)
13 creatures vanquished.

Grand Total: 63 creatures vanquished

Notes
Turn   | Place    | Note
-------+----------+-------------------------------------------
     0 | D:1      | mcbry74 the Troll Berserker began the quest for the Orb.
     0 | D:1      | Reached XP level 1. HP: 22/22 MP: 0/0
    86 | D:1      | Reached XP level 2. HP: 26/29 MP: 1/1
   229 | D:1      | Reached ** piety under Trog
   322 | D:1      | Found a faded altar of an unknown god.
   338 | D:1      | Reached XP level 3. HP: 36/36 MP: 2/2
   882 | D:2      | Reached skill level 4 in Unarmed Combat
   895 | D:2      | Reached XP level 4. HP: 44/44 MP: 3/3
  1324 | D:3      | HP: 2/44 [poisoned by an adder]
  1324 | D:3      | Slain by an adder

Illustrated notes

Levels and vault maps discovered:
D:1:      lightli_arrival_isolated_outpost, layout_loops_ring,
          hellmonk_ecumenical_altar_blasted, lexackson_kobold_supper
D:2:      layout_rooms
D:3:      kennysheep_goblin_castle, layout_rooms

Skill      XL: |  1  2  3  4 |
---------------+-------------+-----
Unarmed Combat | 4 |  4.5
Dodging        | 3 |  3.0
Fighting       | |  2.9
Stealth        | |  0.1

Action                   |  1- 3 |  4- 6 || total
-------------------------+-------+-------++-------
Melee: Unarmed           |   107 |    30 ||   137
 Stab: Sleeping          |     1 |       ||     1
Armor: Animal skin       |    31 |     9 ||    40
Dodge: Dodged            |    44 |    28 ||    72
